AoeStats
← yeah_dkb

Arabia

504650444Analyzed
2v2 RM · 26d ago on Sep 6, 2026· 62m 38s· 4 players
Game mode
Random Map
Map size
Medium (4 player)
Population
200
Speed
Normal
Resources
Standard
Victory
Conquest
Starting age
Dark Age
Ending age
Imperial Age
RankedLock teamsTeams togetherTeam positionsShared explorationLock speedFull tech treeHidden civsTurbo modeCheats
Victory
Defeat
🇺🇸 Japanese · United States
936
+16
🇺🇸 Ethiopians · United States
934
+16
🇨🇱 Khmer · Chile
928
-16
🇨🇱 Vikings · Chile
928
-16
eL_MataTan
0:26 Loom
11:32 Feudal Age
11:59 Double-Bit Axe
20:20 Castle Age
20:14 Forging
20:38 Scale Barding Armor
25:01 Gold Mining
25:35 Horse Collar
26:37 Town Watch
27:57 Heavy Plow
28:12 Stone Mining
30:04 Bow Saw
33:03 Iron Casting
36:53 Imperial Age
35:07 Scale Mail Armor
36:07 Chain Barding Armor
36:44 Chain Mail Armor
38:12 Crop Rotation
38:23 Conscription
39:18 Gold Shaft Mining
38:31 Cavalier
40:13 Blast Furnace
41:44 Two-Man Saw
40:33 Gambesons
40:49 Squires
40:34 Arson
40:10 Pikeman
40:51 Elite Skirmisher
42:06 Padded Archer Armor
41:56 Fletching
42:37 Plate Mail Armor
42:58 Elite Berserk
45:11 Ballistics
45:52 Chemistry
45:03 Masonry
45:27 Chieftains
48:52 Leather Archer Armor
48:33 Bodkin Arrow
49:15 Crossbowman
51:42 Bracer
52:12 Ring Archer Armor
54:37 Ring Archer Armor
54:54 Arbalester
57:08 Man-at-Arms
58:08 Long Swordsman
59:10 Two-Handed Swordsman
59:57 Champion
El Jhon Wick
7:33 Loom
10:12 Feudal Age
12:09 Horse Collar
12:19 Double-Bit Axe
22:03 Fletching
27:40 Castle Age
26:40 Forging
27:40 Bloodlines
27:42 Scale Barding Armor
29:28 Bodkin Arrow
29:57 Elite Skirmisher
34:24 Wheelbarrow
33:36 Town Watch
36:37 Bow Saw
39:33 Imperial Age
37:44 Gold Mining
38:01 Husbandry
38:43 Heavy Plow
41:45 Chemistry
41:54 Bracer
42:55 Ballistics
44:24 Chain Barding Armor
44:41 Light Cavalry
45:41 Hussar
yeah_dkb
7:42 Loom
9:49 Feudal Age
10:24 Double-Bit Axe
13:57 Fletching
17:07 Padded Archer Armor
22:10 Castle Age
22:25 Crossbowman
23:10 Thumb Ring
25:10 Bodkin Arrow
25:40 Bow Saw
33:14 Wheelbarrow
38:37 Imperial Age
38:40 Husbandry
38:53 Cavalier
39:06 Arbalester
44:17 Scale Barding Armor
44:23 Forging
44:29 Bracer
44:45 Leather Archer Armor
47:52 Iron Casting
47:17 Scale Mail Armor
47:37 Chain Barding Armor
54:37 Hand Cart
61:25 Ring Archer Armor
61:56 Blast Furnace
61:16 Chain Barding Armor
60:57 Scale Mail Armor
63:25 Ballistics
63:13 Siege Engineers
in3rt!a
9:36 Feudal Age
9:39 Man-at-Arms
11:47 Loom
16:00 Scale Mail Armor
17:56 Forging
17:39 Arson
19:20 Double-Bit Axe
25:49 Castle Age
25:09 Horse Collar
25:52 Pikeman
27:10 Chain Mail Armor
27:11 Squires
27:55 Gambesons
30:07 Stone Mining
31:41 Wheelbarrow
32:32 Iron Casting
33:36 Heavy Plow
38:34 Imperial Age
36:55 Gold Mining
38:53 Long Swordsman
38:56 Halberdier
40:14 Kataparuto
40:41 Conscription
41:03 Plate Mail Armor
42:07 Blast Furnace
41:38 Fletching
41:44 Fletching
44:05 Bodkin Arrow
47:24 Elite Samurai
52:09 Murder Holes
52:34 Ballistics
57:55 Masonry
59:25 Fervor
61:32 Bracer
60:55 Two-Handed Swordsman
61:34 Champion
62:21 Padded Archer Armor
Connection lost

Rejoining the realm…

Still unreachable

The connection could not be restored.

Session expired

The server has moved on; the page needs a fresh start.